Map: Catalyst LE

Players

GOStephano (Stephano) - Winner!

  • Race: Zerg Zerg
  • Spawn Location: 11:00

Rhizer

  • Race: Protoss Protoss
  • Spawn Location: 5:00

Event: WCS Austin 2018

VOD

Have the link to the VOD?

Description

Time

  • Played on: June 1, 2018, 3:33 p.m.
  • Length: 9:24

All games in this series

Show
View Real Time Build Order
Export as new Build Order

GOStephano Zerg - Winner!

Build Orders: Hatch First 

Get SALT Encoding   

  12  0:00  Drone  
  13  0:13  Overlord  
  13  0:17  Drone  
  14  0:31  Drone x2  
  16  0:49  Hatchery  
  15  0:52  Drone  
  15  0:55  Drone  
  17  0:58  Drone  
  18  1:11  Extractor  
  17  1:14  Spawning Pool  
  17  1:17  Drone  
  17  1:20  Drone  
  18  1:28  Drone  
  19  1:40  Drone  
  20  1:50  Drone  
  21  2:01  Queen x2  
  21  2:02  Overlord  
  21  2:04  Zergling x2  
  26  2:12  Drone x2  
  28  2:16  Metabolic Boost  
  29  2:22  Drone  
  29  2:23  Drone  
  30  2:34  Hatchery  
  29  2:42  Queen  
  31  2:45  Zergling x2  
  31  2:48  Overlord  
  32  2:53  Drone  
  32  2:54  Drone  
  32  2:56  Drone  
  35  2:59  Drone  
  36  3:07  Zergling x2  
  36  3:09  Drone x2  
  36  3:12  Drone  
  40  3:13  Drone  
  40  3:14  Drone  
  42  3:24  Spore Crawler  
  42  3:25  Drone x2  
  44  3:28  Lair  
  44  3:30  Overlord  
  44  3:39  Overlord  
  44  3:44  Drone, Extractor  
  44  3:45  Drone, Queen, Extractor  
  44  3:46  Drone  
  44  3:47  Drone  
  48  3:49  Drone  
  48  3:51  Drone  
  48  3:53  Drone  
  48  3:55  Drone  
  52  4:00  Overlord  
  53  4:10  Drone x2  
  53  4:11  Drone  
  53  4:13  Spore Crawler  
  53  4:15  Drone x3  
  57  4:27  Hydralisk Den  
  57  4:29  Overseer  
  57  4:30  Zergling x16  
  65  4:33  Queen  
  67  4:42  Overlord x2  
  67  4:50  Overlord  
  67  4:59  Muscular Augments  
  67  5:00  Hydralisk  
  67  5:01  Hydralisk x4  
  67  5:06  Hydralisk x2  
  81  5:14  Zergling x10  
  81  5:15  Zergling x2  
  87  5:24  Evolution Chamber x3  
  87  5:28  Hydralisk  
  82  5:31  Zergling x2  
  75  5:38  Hydralisk  
  73  5:43  Hydralisk  
  73  5:48  Hydralisk x2  
  73  5:49  Hydralisk x2  
  83  5:54  Zergling x2  
  83  5:55  Zergling x2  
  84  6:03  Hydralisk x2  
  88  6:11  Hydralisk  
  90  6:24  Overlord  
  90  6:26  Overlord x2  
  90  6:28  Overlord  
  90  6:30  Grooved Spines  
  90  6:34  Spine Crawler  
  90  6:35  Spine Crawler  
  90  6:39  Overlord  
  88  6:44  Hydralisk x3  
  94  6:54  Hydralisk  
  94  6:57  Baneling Nest  
  94  6:59  Extractor  
  94  7:02  Hydralisk  
  94  7:03  Hydralisk  
  94  7:07  Zergling x6  
  101  7:15  Hydralisk  
  101  7:16  Hydralisk  
  104  7:33  Zergling x16  
  112  7:41  Centrifical Hooks  
  112  7:43  Baneling x5  
  111  7:45  Baneling  
  111  7:54  Baneling  
  111  7:55  Baneling x2  
  111  7:57  Drone x6  
  117  8:06  Hatchery, Baneling x6  
  105  8:23  Zergling x2  
  105  8:24  Zergling x10  
  107  8:31  Zergling x10  
  111  8:36  Zergling x4  
  112  8:41  Baneling x4  
  112  8:52  Zergling x2  
  112  8:53  Zergling x4  
  115  9:00  Baneling x10  
  115  9:01  Zergling x10  
Show
View Real Time Build Order
Export as new Build Order

Rhizer Protoss 

Build Orders: 1 Gate Expand, Chargelot Immortal 

Get SALT Encoding   

  12  0:01  Probe  
  13  0:13  Probe  
  14  0:21  Pylon  
  14  0:25  Probe  
  15  0:35  Probe  
  15  0:40  Gateway  
  16  0:43  Probe  
  16  0:48  Assimilator  
  17  0:53  Probe  
  18  1:05  Probe  
  19  1:17  Probe  
  20  1:24  Nexus  
  20  1:34  Cybernetics Core  
  20  1:37  Probe  
  21  1:43  Assimilator  
  21  1:49  Probe  
  21  1:53  Pylon  
  22  2:01  Probe  
  22  2:02  Adept  
  23  2:09  Probe  
  26  2:16  Warp Gate  
  26  2:17  Probe  
  27  2:25  Twilight Council  
  27  2:28  Probe  
  28  2:32  Stalker  
  28  2:36  Probe  
  31  2:40  Charge, Probe  
  32  2:48  Probe  
  33  2:53  Probe  
  33  2:57  Robotics Facility  
  34  3:00  Probe  
  35  3:05  Probe  
  35  3:12  Zealot  
  38  3:19  Pylon  
  36  3:30  Assimilator  
  36  3:38  Gateway  
  36  3:40  Gateway  
  36  3:42  Gateway  
  36  3:43  Warp Prism  
  36  3:47  Probe  
  39  3:51  Pylon  
  39  4:10  Gateway x2  
  39  4:12  Gateway  
  39  4:16  Gateway  
  39  4:25  Pylon  
  39  4:31  Probe  
  40  4:34  Zealot x2  
  40  4:37  Zealot x2  
  48  4:44  Pylon  
  48  4:55  Zealot x2  
  52  5:01  Zealot x2  
  52  5:05  Zealot x2  
  52  5:06  Zealot  
  62  5:11  Zealot  
  64  5:14  Pylon  
  64  5:15  Pylon  
  64  5:29  Zealot x4  
  64  5:30  Zealot x3  
  74  5:49  Zealot x4  
  82  5:50  Zealot x2  
  82  5:53  Zealot, Observer  
  89  6:05  Pylon  
  87  6:31  Zealot  
  87  6:32  Zealot x6  
  99  6:37  Pylon  
  99  6:39  Pylon  
  101  6:47  Nexus  
  101  6:50  Probe  
  101  6:51  Assimilator  
  102  6:55  Probe  
  102  6:58  Observer  
  103  7:01  Pylon  
  103  7:02  Probe  
  103  7:07  Probe  
  105  7:08  Templar Archives  
  105  7:12  Immortal  
  105  7:18  Probe  
  105  7:19  Probe  
  106  7:30  Probe  
  106  7:32  Probe  
  108  7:37  Pylon  
  108  7:45  Observer  
  108  7:49  Robotics Facility  
  108  7:55  Probe  
  108  7:57  Probe, Forge  
  108  7:58  Immortal  
  115  8:19  Zealot x5  
  97  8:20  Zealot x2  
  97  8:21  Zealot  
  97  8:23  Zealot x4  
  97  8:24  Zealot x4  
  75  8:28  Immortal  
  75  8:31  Immortal  
  81  8:48  High Templar x2  
  85  8:52  Archon  
  85  8:53  Zealot x2  
  88  8:59  Zealot  
  88  9:00  Zealot  
  92  9:05  Zealot  
  94  9:15  Zealot x2  
  94  9:16  Zealot  
  76  9:21  Zealot x2  
Tags
 
Add a new tag
Caveats
  • Supply blocks, unpowered buildings, or Contaminate may cause inaccurate times.
  • Supply counts are checked every 10 seconds.